 Dungeon Crawl Stone Soup version 0.24.0-35-gdb84b6a5db (webtiles) character file.

Game seed: 15821280344331766095, levelgen mode: deterministic

1872 Nattfarinn the Covert (level 8, 36/36 HPs)
             Began as a Spriggan Enchanter on Nov 19, 2019.
             Was an Initiate of the Shining One.
             Quit the game on level 5 of the Dungeon.
             The game lasted 00:22:49 (7244 turns).

Nattfarinn the Covert (Spriggan Enchanter)          Turns: 7244, Time: 00:22:50

Health: 36/36      AC:  2    Str: 10    XL:     8   Next: 91%
Magic:  21/21      EV: 18    Int: 19    God:    the Shining One [......]
Gold:   269        SH:  0    Dex: 19    Spells: 14/23 levels left

rFire    x . .     SeeInvis +   a - +1 dagger
rCold    + . .     Gourm    +   (shield restricted)
rNeg     . . .     Faith    .   b - +0 robe
rPois    .         Spirit   .   (helmet restricted)
rElec    .         Reflect  .   (no cloak)
rCorr    .         Harm     .   (gloves unavailable)
MR       ++...                  (boots unavailable)
Stlth    ++........             h - amulet of the gourmand
HPRegen  0.12/turn              z - ring "Pelamama" {rF- rC+ MR+ Str+6}
MPRegen  0.17/turn              B - +3 ring of dexterity

@: glowing, very quick
A: very small, unfitting armour, see invisible, herbivore, speed 3, slow
metabolism 2
a: Renounce Religion


You were on level 5 of the Dungeon.
You worshipped the Shining One.
The Shining One was noncommittal.
You were not hungry.

You visited 2 branches of the dungeon, and saw 8 of its levels.

You collected 269 gold pieces.

Inventory:

Hand Weapons
 a - a +1 dagger (weapon)
Missiles
 m - 7 curare-tipped darts (quivered)
Armour
 b - a +0 robe (worn)
Jewellery
 h - an amulet of the gourmand (around neck)
 z - the ring "Pelamama" (left hand) {rF- rC+ MR+ Str+6}
   (You found it on level 6 of the Dungeon)

   [ring of strength]

   It affects your strength (+6).
   It makes you vulnerable to fire.
   It protects you from cold.
   It affects your resistance to hostile enchantments.
 B - a +3 ring of dexterity (right hand)
Wands
 i - a wand of flame (29)
 r - a wand of acid (10)
 y - a wand of random effects (24)
 C - a wand of polymorph (10)
 D - a wand of iceblast (5)
Scrolls
 f - 7 scrolls of identify
 g - 3 scrolls of remove curse
 j - 2 scrolls of fear
 n - a scroll of blinking {unknown}
 q - 3 scrolls of noise {unknown}
 u - 2 scrolls of teleportation {unknown}
 v - a scroll of magic mapping {unknown}
 A - a scroll of immolation {unknown}
Potions
 c - a potion of lignification {unknown}
 e - 3 potions of degeneration {unknown}
 k - a potion of heal wounds {unknown}
 l - a potion of resistance {unknown}
 o - a potion of agility {unknown}
 p - 2 potions of brilliance {unknown}
 s - 2 potions of mutation {unknown}
 t - 2 potions of cancellation {unknown}
 w - a potion of curing
 x - 2 potions of haste {unknown}
Comestibles
 d - 5 rations


   Skills:
 - Level 1.1 Short Blades
 - Level 3.0 Dodging
 - Level 10.1 Stealth
 - Level 8.2 Spellcasting
 + Level 8.5 Hexes
 - Level 3.0 Ice Magic


You had 14 spell levels left.
You knew the following spells:

 Your Spells              Type           Power        Failure   Level  Hunger
a - Corona                Hex            #####..      1%          1    None
b - Ensorcelled Hibernat  Hex/Ice        ####..       1%          2    None
c - Tukima's Dance        Hex            #####...     1%          3    None
d - Confuse               Hex            #####...     1%          3    None

Your spell library contained the following spells:

 Spells                   Type           Power        Failure   Level  Hunger
 Dazzling Spray           Conj/Hex       ###...       4%          3    None
 Animate Skeleton         Necr           N/A          9%          1    None
 Beastly Appendage        Tmut           #.....       9%          1    None
 Magic Dart               Conj           #...         9%          1    None
 Pain                     Necr           #...         9%          1    None
 Shock                    Conj/Air       #...         9%          1    None
 Searing Ray              Conj           #.....       14%         2    None
 Sticks to Snakes         Tmut           #.......     14%         2    None
 Swiftness                Chrm/Air       #.......     14%         2    None
 Fulminant Prism          Conj/Hex       ###.......   16%         4    ###....
 Regeneration             Chrm/Necr      #.........   26%         3    None
 Spider Form              Tmut/Pois      #.........   26%         3    None
 Static Discharge         Conj/Air       #.......     26%         3    None
 Vampiric Draining        Necr           #.........   26%         3    None
 Ice Form                 Ice/Tmut       ##......     43%         4    ###....
 Airstrike                Air            #.........   65%         4    ###....
 Animate Dead             Necr           N/A          65%         4    ###....
 Force Lance              Conj/Tloc      #.......     65%         4    ###....
 Iskenderun's Mystic Bla  Conj           #.......     65%         4    ###....
 Blade Hands              Tmut           #.........   94%         5    #####..
 Lightning Bolt           Conj/Air       #.........   94%         5    #####..


Dungeon Overview and Level Annotations

Branches:
Dungeon (7/15)             Temple (1/1) D:5

Altars:
Ashenzari
Cheibriados
Dithmenos
Elyvilon
Gozag
Hepliaklqana
Makhleb
Okawaru
Qazlal
Ru
Sif Muna
Uskayaw
Vehumet
Wu Jian
Xom
Yredelemnul
The Shining One

Shops:
D:4 }

Annotations:
D:5 2 transporters, Delamore's ghost, amateur HOFi


Innate Abilities, Weirdness & Mutations

You are very small and have problems with some larger weapons.
You are too small for most types of armour.
You have supernaturally acute eyesight. (SInv)
You are a herbivore.
You cover ground extremely quickly.
You need to consume almost no food.


Message History

Done exploring.
There is a glowing golden altar of the Shining One here.
You kneel at the altar of the Shining One.
The Shining One welcomes you!
You are near starving!
Done exploring.
You eat one of the 6 rations.
That ration really hit the spot!
There is an opulent altar of Gozag here.
There is a staircase back to the Dungeon here.
There is a shadowy altar of Dithmenos here.
HP restored.
There is a basalt altar of Yredelemnul here.
There is a staircase back to the Dungeon here.
You climb upwards.
Welcome back to the Dungeon!
Level annotation: 2 transporters, Delamore's ghost, amateur HOFi
There is a staircase to the Ecumenical Temple here.
Search for what [? for help]? zin Can't find anything matching that.
Partly explored, unvisited transporter.
Are you sure you want to abandon this character and quit the game? (Confirm with "yes".)

# #.#.###........................
###.#.# #.##...#....##...##.....#
....#.# #......#.##......##.....#
#####.###.#.##.......##..####.##.
..........#....##..#.....# #.##.
.............#.....#.##..# #.##.
.#######...#.#.##........# #....
..# ##..#......##.#...# ####. #.#
##....##.@....#...# #. #.#
#..##......##.....#######. #.#
#.....#.##....##..#.......
#.######..##.#...)##.....#.######
#...............#.....#..#.#
########..##.##.#..##.#..#.#
##................#.#
##...#######..#..#.#
##########..########.###.#.#


There were no monsters in sight!

Vanquished Creatures
  Grinder (D:4)
  A sky beast (D:6)
  3 ogres
  Blork the orc (D:4)
  A bullfrog (D:6)
  2 gnoll sergeants (D:6)
  A scorpion (D:6)
  A howler monkey (D:5)
  A centaur zombie (D:5)
  2 hounds
  An orc priest (D:3)
  A bullfrog skeleton (D:5)
  3 jellies (D:6)
  A gnoll shaman (D:6)
  Natasha (thrice) (D:2)
  2 iguanas (D:6)
  5 worker ants
  2 hound skeletons (D:4)
  12 adders
  7 gnolls (D:6)
  A shadow imp (D:5)
  2 adder zombies
  3 adder skeletons
  2 worms
  4 leopard geckos
  7 orcs
  2 ball pythons
  9 bats
  4 giant cockroaches
  5 goblins
  4 hobgoblins
  10 jackals
  A kobold (D:2)
  3 quokkas
  7 frilled lizards
  A leopard gecko skeleton (D:4)
  A quokka skeleton (D:4)
  13 rats
130 creatures vanquished.

Vanquished Creatures (collateral kills)
  Sigmund (D:2)
  A gnoll shaman (D:6)
  7 gnolls (D:6)
9 creatures vanquished.

Vanquished Creatures (others)
  A dancing weapon (D:6)
  A quokka (D:5)
2 creatures vanquished.

Grand Total: 141 creatures vanquished

Notes
Turn   | Place    | Note
-------+----------+-------------------------------------------
     0 | D:1      | Nattfarinn the Spriggan Enchanter began the quest for the
                  | Orb.
     0 | D:1      | Reached XP level 1. HP: 9/9 MP: 5/5
   491 | D:1      | Reached skill level 5 in Stealth
   491 | D:1      | Reached XP level 2. HP: 6/13 MP: 6/6
   654 | D:1      | Learned a level 2 spell: Ensorcelled Hibernation
  1166 | D:2      | Noticed Sigmund
  1166 | D:2      | Noticed Natasha
  1311 | D:2      | Found a hazy altar of Hepliaklqana.
  1346 | D:2      | Found a shimmering altar of Xom.
  1346 | D:2      | Found a burning altar of Makhleb.
  1415 | D:2      | Reached XP level 3. HP: 16/16 MP: 5/8
  1471 | D:2      | Killed Natasha
  1669 | D:2      | Reached skill level 6 in Stealth
  1669 | D:2      | Reached XP level 4. HP: 21/21 MP: 9/9
  1739 | D:2      | Reached skill level 1 in Ice Magic
  1818 | D:2      | Noticed Natasha
  1823 | D:2      | Killed Natasha
  1823 | D:2      | Reached skill level 5 in Hexes
  1921 | D:2      | Learned a level 3 spell: Tukima's Dance
  1952 | D:2      | Killed Sigmund
  1952 | D:2      | Reached skill level 7 in Stealth
  1952 | D:2      | Reached XP level 5. HP: 11/24 MP: 2/10
  2221 | D:2      | Noticed Natasha
  2231 | D:2      | Killed Natasha
  2775 | D:2      | Found a shadowy altar of Dithmenos.
  2841 | D:3      | Reached XP level 6. HP: 25/28 MP: 11/11
  3586 | D:4      | Found an ornate altar of the Wu Jian Council.
  3651 | D:4      | Reached skill level 8 in Stealth
  4079 | D:4      | Noticed Blork the orc
  4086 | D:4      | Killed Blork the orc
  4216 | D:4      | Reached XP level 7. HP: 32/32 MP: 12/12
  4220 | D:4      | Reached skill level 9 in Stealth
  4369 | D:4      | Noticed Grinder
  4468 | D:3      | Learned a level 3 spell: Confuse
  4480 | D:4      | Killed Grinder
  4581 | D:4      | Found Wayt's Gadget Emporium.
  4628 | D:5      | Entered Level 5 of the Dungeon
  4704 | D:5      | Found a staircase to the Ecumenical Temple.
  5052 | D:5      | Noticed Delamore's ghost (amateur HOFi)
  5064 | D:5      | Found a transporter.
  5085 | D:5      | Found a transporter.
  5109 | D:5      | Reached skill level 10 in Stealth
  5142 | D:5      | Found a white marble altar of Elyvilon.
  5573 | D:6      | Reached XP level 8. HP: 36/36 MP: 7/13
  6068 | D:6      | Got a warped iron ring
  6069 | D:6      | Identified the ring "Pelamama" {rF- rC+ MR+ Str+6} (You
                  | found it on level 6 of the Dungeon)
  6106 | D:6      | Reached skill level 5 in Spellcasting
  6321 | D:6      | Found a snail-covered altar of Cheibriados.
  7057 | D:7      | Found a stormy altar of Qazlal.
  7127 | Temple   | Entered the Ecumenical Temple
  7204 | Temple   | Became a worshipper of the Shining One
  7244 | D:5      | Quit the game

Levels and vault maps discovered:
D:1:      dpeg_arrival_rooms_a, layout_basic
D:2:      layout_basic, chequers_temple_overflow_statue_of_worship,
          overflow_temple_1_default, nicolae_dithmenos_through_a_glass_darkly,
          uniq_sigmund, uniq_natasha
D:3:      layout_basic
D:4:      layout_basic, overflow_temple_1_default, serial_shops, shop,
          uniq_blork_the_orc, uniq_grinder
D:5:      layout_loops_ring, elyvilon_altar_4, minmay_temple_entry_ruins,
          gammafunk_ghost_stat_death, first_ration
D:6:      layout_cave_pools, lemuel_crystal_altar, serial_gnoll_camp,
          gnoll_camp_mini_house, gnoll_camp_mini_hut, gnoll_camp_medium_02,
          gnoll_camp_mini_hut, minmay_misc_feat_rugged, st_stairs_12,
          serial_bayou_pond_d
D:7:      layout_loops_corners, grunt_temple_overflow_open,
          nicolae_overflow_crystal_walls
Temple:   eino_temple_lava

Skill      XL: |  1  2  3  4  5  6  7  8 |
---------------+-------------------------+-----
Hexes          | 4 5 6 7 8 |  8.5
Stealth        | 5 6 7 8 10 | 10.1
Ice Magic      | 1 2 3 |  3.0
Spellcasting   | 3 8 |  8.2
Short Blades   | |  1.1
Dodging        | |  3.0

Action                   |  1- 3 |  4- 6 |  7- 9 || total
-------------------------+-------+-------+-------++-------
Melee: Dagger            |    65 |   182 |   189 ||   436
 Cast: Corona            |     3 |       |       ||     3
       Ensorcelled Hiber |    15 |    34 |    40 ||    89
       Tukima's Dance    |       |     3 |     7 ||    10
       Confuse           |       |       |     9 ||     9
  Use: Scroll            |       |     5 |     1 ||     6
       Potion            |       |     1 |       ||     1
 Stab: Sleeping          |    15 |    29 |    36 ||    80
       Distracted        |       |     1 |     2 ||     3
       Confused          |       |       |    11 ||    11
  Eat: Ration            |       |     2 |     3 ||     5
Armor: Robe              |    17 |    20 |    16 ||    53
Dodge: Dodged            |    61 |   160 |   195 ||   416
